 Dungeon Crawl Stone Soup version 0.30-a0-339-g89bb51ec76 (webtiles) character file.

Game seed: 9804424390931925061

49 Muataran the Chopper (level 3, 0/34 HPs)
             Began as a Hill Orc Monk on Nov 1, 2022.
             Slain by Terence
             ... wielding a +0 morningstar
              (10 damage)
             ... on level 2 of the Dungeon.
             The game lasted 00:02:37 (1282 turns).

Muataran the Chopper (Hill Orc Monk)                Turns: 1282, Time: 00:02:37

Health: 0/34       AC:  5    Str: 15    XL:     3   Next: 75%
Magic:  3/3        EV: 11    Int: 10    God:
Gold:   158        SH:  0    Dex: 13    Spells: 2/2 levels left

rFire   . . .      SeeInvis .    a - +0 hand axe
rCold   . . .      Faith    .    (no shield)
rNeg    . . .      Spirit   .    k - +0 ring mail
rPois   .          Reflect  .    (no helmet)
rElec   .          Harm     .    (no cloak)
rCorr   .          Rampage  .    (no gloves)
Will    .....                    (no boots)
Stlth   +.........               (no amulet)
HPRegen 0.25/turn                (no ring)
MPRegen 0.08/turn                (no ring)

@: no status effects
A: no striking features
a: no special abilities


You were on level 2 of the Dungeon.
You visited 1 branch of the dungeon, and saw 3 of its levels.

You collected 158 gold pieces.

Inventory:

Hand Weapons
 a - a +0 hand axe (weapon)
Armour
 k - a +0 ring mail (worn)
Jewellery
 j - a +6 ring of dexterity
Scrolls
 b - a scroll of identify
 h - a scroll of acquirement {unknown}
Potions
 c - a potion of ambrosia
 d - 2 potions of haste
 e - a potion of attraction {unknown}
 f - a potion of heal wounds {unknown}


   Skills:
 + Level 4.3 Fighting
 * Level 5.5 Axes
 - Level 2.4 Dodging
 - Level 1.5 Stealth


You had 2 spell levels left.
You didn't know any spells.
Your spell library contained the following spells:

 Spells                   Type           Power      Damage    Failure   Level
 Freeze                   Ice            0%         1d3       58%         1
 Frozen Ramparts          Ice            0%         1d1       92%         3
 Hailstorm                Conj/Ice       0%         3d3       92%         3
 Stone Arrow              Conj/Erth      0%         3d7       92%         3
 Animate Armour           Summ/Erth      0%         N/A       100%        4
 Lehudib's Crystal Spear  Conj/Erth      0%         10d2      100%        8


Dungeon Overview and Level Annotations

Branches:
Dungeon (3/15)

Altars:

Annotations:
D:2 Terence


Message History

Terence the Incautious comes into view.
He is wielding a +0 morningstar and wearing a +2 ring mail of positive energy.
Terence shouts!
Unknown command.
You see here a bat corpse.
You barely miss Terence. Terence barely misses you.
You hit Terence.
Terence is moderately wounded.
Terence closely misses you.
You closely miss Terence.
Terence is moderately wounded.
Terence barely misses you.
You barely miss Terence.
Terence is moderately wounded.
Terence misses you.
You hit Terence but do no damage.
Terence is moderately wounded.
Terence misses you.
You hit Terence but do no damage.
Terence is moderately wounded.
Terence hits you with a +0 morningstar.
You closely miss Terence.
Terence is moderately wounded.
Terence hits you but does no damage.
You closely miss Terence.
Terence is moderately wounded.
Terence closely misses you.
You closely miss Terence.
Terence is moderately wounded.
Terence closely misses you.
You hit Terence but do no damage.
Terence is moderately wounded.
Terence hits you with a +0 morningstar!
You hit Terence.
Terence is heavily wounded.
Terence hits you with a +0 morningstar!
* * * LOW HITPOINT WARNING * * *
You closely miss Terence.
Terence is heavily wounded.
Terence hits you with a +0 morningstar!
You die...

.....# ##....#####. )...## #+#
..#..##.... ....#######
#.#####.#..#.#...
..........#######...†......#..#..
...†..............#.#......#@..#.
..................#.+.....##.....
....######........###.....#......
....# #......@.# #.....#......
.(..######......@.# ####.........
.........#........# #.........
.........#........# #.........
.........#........# #.........
###......#........# #.........
#......#........# #.........
################# #.........
##########


You could see Terence.

Vanquished Creatures
  A gnoll (D:2)
  3 dart slugs
  3 endoplasms (D:1)
  A giant cockroach (D:1)
  2 goblins (D:1)
  5 hobgoblins (D:1)
  4 jackals (D:1)
  A quokka (D:2)
  A ball python (D:1)
  3 bats
  A frilled lizard (D:1)
  2 kobolds
  2 rats (D:1)
29 creatures vanquished.

Notes
Turn   | Place    | Note
-------+----------+-------------------------------------------
     0 | D:1      | Muataran the Hill Orc Monk began the quest for the Orb.
     0 | D:1      | Reached XP level 1. HP: 19/19 MP: 1/1
    97 | D:1      | Reached XP level 2. HP: 25/27 MP: 2/2
   426 | D:1      | Found a faded altar of an unknown god.
   463 | D:1      | Reached skill level 5 in Axes
   655 | D:1      | Reached XP level 3. HP: 31/33 MP: 3/3
  1242 | D:2      | Noticed Terence
  1282 | D:2      | Slain by Terence

Illustrated notes

Levels and vault maps discovered:
D:1:      lightli_arrival_quake, layout_basic, chequers_ecumenical_altar_twisty,
          kennysheep_pointless_box, minmay_misc_feat_cross,
          minmay_misc_feat_enclosed, minmay_heptomino_o4
D:2:      layout_basic, hangedman_decor_diamond_cutter, minmay_divided_ellipse,
          uniq_terence
D:3:      layout_basic, minmay_fountain_box

Skill      XL: |  1  2 |
---------------+-------+-----
Fighting       | 4 |  4.3
Axes           | 5 |  5.5
Dodging        | |  2.4
Stealth        | |  1.5

Action                   || total
-------------------------++-------
Melee: Hand axe          ||   124
  Use: Scroll            ||     3
 Stab: Sleeping          ||     4
Armor: Robe              ||    14
       Ring mail         ||     4
Dodge: Dodged            ||    87

Table legend: (Time is in decaauts)
 A = Elapsed time spent in this place.
 B = Non-inter-level travel time spent in this place.
 C = Inter-level travel time spent in this place.
 D = Time resting spent in this place.
 E = Time spent auto-exploring this place.
 F = Levels seen in this place.
 G = Mean time per level.
                   A        B        C        D        E       F      G
               +--------+--------+--------+--------+--------+-----+--------+
         Total |   1288 |   1266 |     22 |    140 |    828 |   3 |  429.3 |
       Dungeon |   1288 |   1266 |     22 |    140 |    828 |   3 |  429.3 |
               +--------+--------+--------+--------+--------+-----+--------+

Top non-repeatable levels by time:
     D:1: 974 daAuts
     D:2: 305 daAuts
     D:3: 8 daAuts
